 Dungeon Crawl Stone Soup version 0.32-a0-747-gc8563f6773 (webtiles) character file.

Game seed: 17841536278651298139

8219 pokeman the Thaumaturge (level 11, -16/60 HPs)
             Began as a Deep Elf Hedge Wizard on Mar 17, 2024.
             Was a Believer of Vehumet.
             Hit by a large rock thrown by a cyclops (33 damage)
             ... on level 11 of the Dungeon.
             The game lasted 00:23:55 (12392 turns).

pokeman the Thaumaturge (Deep Elf Hedge Wizard)    Turns: 12392, Time: 00:23:56

Health: -16/60     AC: 10    Str: 13    XL:     11   Next: 7%
Magic:  28/31      EV: 12    Int: 24    God:    Vehumet [**....]
Gold:   718        SH:  0    Dex: 14    Spells: 19/39 levels left

rFire   . . .        T - +6 whip of Darkness {protect, *Corrode rN++ Str+6}
rCold   . . .        (no shield)
rNeg    + + .        R - +0 steam dragon scales
rPois   +            w - +0 helmet
rElec   .            u - +0 cloak {rPois}
rCorr   .            a - +0 pair of gloves
SInv    .            v - +0 pair of boots
Will    ++...        I - amulet of magic regeneration
Stlth   ++           c - ring of willpower
HPRegen 0.30/turn    K - +4 ring of slaying
MPRegen 0.62/turn

%: corrode self (3%)
@: no status effects
A: no striking features
a: Renounce Religion


You were on level 11 of the Dungeon.
You worshipped Vehumet.
Vehumet was pleased with you.
You visited 2 branches of the dungeon, and saw 12 of its levels.
You also visited: Sewer and Ossuary.

You collected 718 gold pieces.

Inventory:

Hand Weapons
 j - the +4 hammer of the Rattlesnake {freeze, rPois Will+ MP-9 Str+3}
   (You found it on level 2 of the Dungeon)

   Str+3:     It affects your strength (+3).
   rPois:     It protects you from poison.
   Will+:     It increases your willpower.
   MP-9:      It affects your magic capacity (-9).
 n - a +3 quarterstaff of chaos
 F - a +1 dagger of venom
 T - the +6 whip of Darkness (weapon) {protect, *Corrode rN++ Str+6}
   (You found it on level 9 of the Dungeon)

   Str+6:     It affects your strength (+6).
   rN++:      It greatly protects you from negative energy.
   *Corrode:  It may corrode you when you take damage.
Missiles
 N - a curare-tipped dart
Armour
 a - a +0 pair of gloves (worn)
 b - a +0 buckler
 o - a +0 cloak of preservation
 u - a +0 cloak of poison resistance (worn)
 v - a +0 pair of boots (worn)
 w - a +0 helmet (worn)
 R - +0 steam dragon scales (worn)
Magical Staves
 f - a staff of conjuration
Jewellery
 c - a ring of willpower (left hand)
 I - an amulet of magic regeneration (around neck)
 K - a +4 ring of slaying (right hand)
 P - a ring of protection from cold
 S - a ring of positive energy
 V - a ring of wizardry
Wands
 m - a wand of polymorph (6)
 G - a wand of digging (4)
 J - a wand of quicksilver (6)
 Q - a wand of flame (11)
Scrolls
 g - a scroll of noise {unknown}
 l - a scroll of acquirement {unknown}
 p - 4 scrolls of blinking
 s - 5 scrolls of identify {unknown}
 t - a scroll of torment {unknown}
 x - a scroll of summoning {unknown}
 y - a scroll of brand weapon {unknown}
 B - 4 scrolls of vulnerability {unknown}
 C - 2 scrolls of silence {unknown}
 D - 2 scrolls of fear {unknown}
 H - a scroll of revelation {unknown}
 M - 2 scrolls of poison {unknown}
 O - 3 scrolls of enchant armour {unknown}
Potions
 d - 2 potions of magic
 e - 7 potions of curing {unknown}
 h - 2 potions of attraction {unknown}
 i - a potion of cancellation {unknown}
 k - 2 potions of resistance {unknown}
 r - 4 potions of enlightenment {unknown}
 z - 2 potions of brilliance {unknown}
 A - 2 potions of heal wounds {unknown}
 E - 2 potions of invisibility {unknown}
 L - a potion of haste {unknown}
 U - 4 potions of mutation {unknown}
Miscellaneous
 q - a lightning rod (4/4)


   Skills:
 - Level 3.0 Fighting
 - Level 3.2 Armour
 - Level 3.0 Dodging
 - Level 3.0 Stealth
 + Level 3.8 Shields
 * Level 14.5 Spellcasting
 + Level 8.4 Conjurations
 - Level 1.1 Summonings
 - Level 1.1 Translocations
 - Level 1.0 Fire Magic
 + Level 7.8 Ice Magic
 - Level 1.2 Air Magic
 - Level 1.1 Earth Magic
 - Level 1.0 Alchemy
 - Level 1.0 Evocations


You had 19 spell levels left.
You knew the following spells:

 Your Spells              Type           Power      Damage    Failure   Level
a - Magic Dart            Conj           100%       1d8       1%          1
b - Mephitic Cloud        Conj/Alch/Air  34%        N/A       2%          3
c - Call Imp              Summ           44%        N/A       3%          2
d - Blink                 Tloc           44%        N/A       3%          2
e - Hailstorm             Conj/Ice       54%        3d11      1%          3
f - Stone Arrow           Conj/Erth      80%        3d12      1%          3
g - Freezing Cloud        Conj/Ice/Air   22%        6-21      9%          5
h - Foxfire               Conj/Fire      100%       2x1d9     1%          1

Your spell library contained the following spells:

 Spells                   Type           Power      Damage    Failure   Level
 Shock                    Conj/Air       100%       1d9       1%          1
 Summon Ice Beast         Ice/Summ       38%        N/A       1%          3
 Sandblast                Erth           44%        2d11      2%          1
 Summon Small Mammal      Summ           88%        N/A       2%          1
 Slow                     Hex            68%        N/A       3%          1
 Cigotuvi's Dreadful Rot  Necr/Alch/Air  42%        N/A       3%          2
 Mercury Vapours          Alch/Air       44%        N/A       3%          2
 Brom's Barrelling Bould  Conj/Erth      40%        2d6       4%          4
 Fulminant Prism          Conj/Alch      20%        3d12      4%          4
 Call Canine Familiar     Summ           22%        N/A       6%          3
 Swiftness                Air            23%        N/A       6%          3
 Arcjolt                  Conj/Air       20%        1d30      13%         5
 Vhi's Electric Charge    Tloc/Air       44%        N/A       21%         4
 Leda's Liquefaction      Alch/Erth      11%        N/A       22%         4
 Summon Blazeheart Golem  Fire/Summ      22%        N/A       22%         4
 Summon Mana Viper        Hex/Summ       20%        N/A       58%         5
 Starburst                Conj/Fire      20%        6d7       58%         6
 Permafrost Eruption      Ice/Erth       19%        2x4d6     63%         6
 Sculpt Simulacrum        Ice/Alch       19%        N/A       63%         6
 Monstrous Menagerie      Summ           11%        N/A       100%        7
 Maxwell's Capacitive Co  Air            11%        ∞         100%        8
 Chain Lightning          Conj/Air       20%        3d26      100%        9


Dungeon Overview and Level Annotations

Branches:
Dungeon (11/15)            Temple (1/1) D:6            Lair (0/5) D:11
    Orc (0/2) D:11          Sewer (visited)         Ossuary (visited)

Altars:
Ashenzari
Cheibriados
Dithmenos
Elyvilon
Fedhas
Gozag
Hepliaklqana
Kikubaaqudgha
Makhleb
Nemelex Xobeh
Okawaru
Qazlal
Ru
Sif Muna
Trog
Uskayaw
Vehumet
Wu Jian
Xom
Yredelemnul
Zin
The Shining One

Shops:
D:4 [   D:5 [


Message History

Aiming: Freezing Cloud (dangerous; 9% risk of failure)
Press: ? - help, Dir - move target The troll is engulfed in freezing vapours.
Unknown command.
The troll is engulfed in freezing vapours.
You closely miss the troll.
The troll is heavily wounded.
The troll is engulfed in freezing vapours.
The troll barely misses you. x2; The troll misses you.
Your +1 dagger of venom stops dripping with poison.
You feel stronger.
The +6 whip of Darkness {protect, *Corrode rN++ Str+6} hums with potential!
T - the +6 whip of Darkness (weapon)
{protect, *Corrode rN++ Str+6} The troll is engulfed in freezing vapours.
You kill the troll!
Vehumet accepts your kill.
You feel your power returning.
The troll leather armour is intact enough to wear.
Unknown command.
HP restored.
Magic restored.
Things that are here:
a +0 troll leather armour; a troll corpse
Found a staircase to the Lair.
Found a staircase to the Orcish Mines.
A cyclops comes into view.
Casting: Freezing Cloud (dangerous; 9% risk of failure)
Confirm with . or Enter, or press ? or * to list all spells.
Aiming: Freezing Cloud (dangerous; 9% risk of failure)
Press: ? - help, Dir - move target The cyclops shouts!
Unknown command.
The cyclops is engulfed in freezing vapours.
The cyclops throws a large rock.
The large rock hits you!!!
Ouch! That really hurt!
* * * LOW HITPOINT WARNING * * *
The cyclops is engulfed in freezing vapours.
The cyclops throws a large rock.
The large rock hits you!!
Ouch! That really hurt!
You die...

# #.. #...#####
....C§§§####### #####
#§§§@...#.># #...#
#§§§......## #...#
...........######...#
....................#
#################...#
#..># #...# ##...#
#....#


You could see a cyclops.

Vanquished Creatures
  A boulder beetle (D:11)
  The ghost of greenreed the Trooper, a novice CoGl of Gozag (D:6)
  A troll (D:11)
  The ghost of Ruich the Caller, an amateur DgSu (D:5)
  Sigmund (D:6)
  A wyvern (D:8)
  A wraith (D:9)
  7 yaks (D:10)
  3 steam dragons
  4 vampire mosquitoes (D:10)
  Menkaure (D:7)
  An acid dragon (D:9)
  2 water moccasins (D:8)
  An ice beast (D:6)
  A black bear (D:7)
  An orc warrior (D:6)
  6 ogres
  6 bullfrogs
  4 elf zombies
  2 kobold brigands
  2 elf skeletons (D:5)
  A scorpion (D:6)
  5 wights (D:8)
  7 killer bees
  3 howler monkeys (D:10)
  A bombardier beetle (D:7)
  4 centaur zombies (Ossuary)
  3 human zombies
  5 hounds
  4 orc priests
  Crazy Yiuf (D:2)
  2 gnoll boudas
  A human skeleton (D:5)
  6 iguanas
  8 orc wizards
  3 hound zombies (Ossuary)
  2 mummies (Ossuary)
  13 gnolls
  16 adders
  A shadow imp (D:7)
  3 white imps
  3 adder zombies (Ossuary)
  A ribbon worm (D:2)
  5 dart slugs (Sewer)
  22 orcs
  20 ball pythons
  19 endoplasms
  15 giant cockroaches
  9 goblins
  5 hobgoblins
  5 jackals
  4 quokkas
  11 bats
  9 frilled lizards
  7 gnoll zombies (Ossuary)
  5 jackal zombies (Ossuary)
  12 kobolds
  4 kobold zombies (Ossuary)
  6 orc zombies
  10 rats
309 creatures vanquished.

Vanquished Creatures (collateral kills)
  A hound (D:6)
  An orc skeleton (D:5)
2 creatures vanquished.

Grand Total: 311 creatures vanquished

Notes
Turn   | Place    | Note
-------+----------+-------------------------------------------
     0 | D:1      | pokeman the Deep Elf Hedge Wizard began the quest for the
                  | Orb.
     0 | D:1      | Reached XP level 1. HP: 10/10 MP: 7/7
   213 | D:1      | Reached XP level 2. HP: 16/16 MP: 5/9
   482 | D:1      | Reached skill level 5 in Spellcasting
   685 | D:1      | Reached XP level 3. HP: 20/20 MP: 9/11
   689 | D:1      | Learned a level 3 spell: Mephitic Cloud
   692 | D:1      | Learned a level 2 spell: Call Imp
   695 | D:1      | Learned a level 2 spell: Blink
   923 | D:1      | You fall into a shaft and drop 1 floor!
  1137 | D:2      | Reached skill level 1 in Fighting
  1542 | D:2      | Reached skill level 1 in Armour
  1963 | D:2      | Reached XP level 4. HP: 25/25 MP: 6/13
  2159 | D:2      | Found a runed translucent door.
  2160 | D:2      | Noticed Crazy Yiuf
  2171 | D:2      | Killed Crazy Yiuf
  2188 | D:2      | Identified the +4 hammer of the Rattlesnake {freeze, rPois
                  | Will+ MP-9 Str+3}
  2390 | D:3      | Found a burning altar of Makhleb.
  2390 | D:3      | Found a blossoming altar of Fedhas.
  2392 | D:3      | Found a bloodstained altar of Trog.
  2392 | D:3      | Found an ancient bone altar of Kikubaaqudgha.
  2461 | D:3      | Found a glowing drain.
  2482 | D:3      | Reached skill level 6 in Spellcasting
  2494 | Sewer    | Entered a sewer
  2520 | Sewer    | Reached XP level 5. HP: 29/29 MP: 8/15
  2690 | Sewer    | Learned a level 5 spell: Freezing Cloud
  3306 | Sewer    | Reached skill level 1 in Evocations
  3445 | Sewer    | Reached skill level 1 in Ice Magic
  3445 | Sewer    | Reached skill level 1 in Air Magic
  3445 | Sewer    | Reached skill level 1 in Alchemy
  3445 | Sewer    | Reached XP level 6. HP: 30/34 MP: 12/17
  3741 | D:3      | Reached skill level 7 in Spellcasting
  4498 | D:3      | Found a faded altar of an unknown god.
  4661 | D:4      | Reached XP level 7. HP: 26/39 MP: 5/20
  4791 | D:4      | Found Reucw's Antique Armour Emporium.
  5075 | D:4      | Reached skill level 8 in Spellcasting
  5345 | D:4      | Found a white marble altar of Elyvilon.
  5649 | D:5      | Entered Level 5 of the Dungeon
  5649 | D:5      | Found a large runed translucent door.
  5649 | D:5      | Found a large runed translucent door.
  5788 | D:5      | Reached XP level 8. HP: 39/44 MP: 18/22
  5813 | D:5      | Reached skill level 9 in Spellcasting
  5816 | D:5      | Found a sand-covered staircase.
  5820 | Ossuary  | Entered an ossuary
  6513 | Ossuary  | Reached skill level 5 in Conjurations
  6846 | Ossuary  | Reached skill level 10 in Spellcasting
  7002 | D:5      | Learned a level 3 spell: Hailstorm
  7118 | D:5      | Found a shadowy altar of Dithmenos.
  7273 | D:5      | Found Qopenaw's Antique Armour Emporium.
  7555 | D:5      | Noticed Ruich's ghost (amateur DgSu)
  7739 | D:6      | Reached XP level 9. HP: 37/48 MP: 14/25
  7864 | D:6      | Found a runed translucent door.
  7996 | D:6      | Found a runed translucent door.
  8028 | D:6      | Noticed Sigmund
  8042 | D:6      | Reached skill level 5 in Ice Magic
  8043 | D:6      | Killed Sigmund
  8044 | D:6      | Reached skill level 11 in Spellcasting
  8148 | D:6      | Noticed greenreed's ghost (novice CoGl)
  8314 | D:6      | Found a staircase to the Ecumenical Temple.
  8342 | Temple   | Entered the Ecumenical Temple
  8349 | Temple   | Became a worshipper of Vehumet
  8729 | D:7      | Noticed Menkaure
  8737 | D:7      | Killed Menkaure
  9026 | D:7      | Got Miclin's Guide on Protean Air
  9149 | D:7      | Learned a level 3 spell: Stone Arrow
  9648 | D:8      | Reached skill level 1 in Earth Magic
  9757 | D:8      | Reached skill level 1 in Shields
  9757 | D:8      | Reached skill level 12 in Spellcasting
  9762 | D:8      | Reached * piety under Vehumet
  9762 | D:8      | Offered knowledge of Freeze by Vehumet.
  9959 | D:8      | Found an opulent altar of Gozag.
 10175 | D:8      | Found a hide-covered altar of Uskayaw.
 10194 | D:8      | Reached XP level 10. HP: 56/56 MP: 21/28
 10435 | D:8      | Found a hazy altar of Hepliaklqana.
 10858 | D:9      | Got the Vellum of Concussion
 11025 | D:9      | Identified the +6 whip of Darkness {protect, *Corrode rN++
                  | Str+6}
 11341 | D:5      | Killed Ruich's ghost
 11342 | D:5      | Reached skill level 13 in Spellcasting
 11438 | D:6      | Killed greenreed's ghost
 11605 | D:10     | Entered Level 10 of the Dungeon
 11893 | D:10     | Reached ** piety under Vehumet
 11897 | D:10     | Offered knowledge of Foxfire by Vehumet.
 11945 | D:10     | Learned a level 1 spell: Foxfire
 11974 | D:10     | Reached skill level 14 in Spellcasting
 11974 | D:10     | Reached skill level 1 in Fire Magic
 12329 | D:11     | Noticed a boulder beetle
 12341 | D:11     | Killed a boulder beetle
 12342 | D:11     | Reached XP level 11. HP: 58/60 MP: 20/31
 12367 | D:11     | Found a staircase to the Lair.
 12384 | D:11     | Found a staircase to the Orcish Mines.
 12392 | D:11     | Hit by a large rock thrown by a cyclops

Illustrated notes

Levels and vault maps discovered:
D:1:      moated_graveyard_arrival, layout_loops_ring, minmay_unequal
D:2:      layout_basic, moated_statue, uniq_crazy_yiuf_cottage
D:3:      layout_basic, mainiacjoe_overflow_alcove_3,
          shapermc_ecumenical_altar_mp_vishouse, gup_sewer_entry_glass,
          corexii_corridor_pit, grunt_decor_fettered, chequers_mini_garden,
          roderic_lattice_a
D:4:      layout_basic, mainiacjoe_overflow_chevrons, serial_shops, shop,
          dk_rats_in_the_wall
D:5:      layout_gridville, nicolae_dithmenos_the_darkroom,
          ebering_ghost_disaster_area, serial_shops, shop,
          nicolae_ossuary_entry_catacombs, nicolae_twisty_statue_hallways
D:6:      layout_cave_pools, minmay_temple_entry_grid, ebering_ghost_sewer_f,
          nicolae_underground_beach, uniq_sigmund
D:7:      layout_loops_corners, uniq_menkaure
D:8:      layout_gridville, worldfamousw_hep_ancestral_shrine,
          mainiacjoe_overflow_small_starburst, nicolae_gozag_seed_capital,
          minmay_misc_feat_iff
D:9:      layout_gridville, minmay_misc_feat_nine_boxes
D:10:     layout_roguey
D:11:     minmay_the_grid_triangle_9x9_line_8_mashed
          [minmay_the_grid_triangle_9x9_negative_grid,
          minmay_the_grid_triangle_9x9_intruding_spiral,
          minmay_the_grid_triangle_9x9_alien,
          minmay_the_grid_triangle_9x9_wacky_v,
          minmay_the_grid_triangle_9x9_corrupted_corridor,
          minmay_the_grid_triangle_9x9_sparse_checkered,
          minmay_the_grid_triangle_9x9_minimal,
          minmay_the_grid_triangle_9x9_prize_schism], layout_rooms, orc_0_dummy
Temple:   cyrus_circular_temple

Skill      XL: |  1  2  3  4  5  6  7  8  9 10 |
---------------+-------------------------------+-----
Spellcasting   | 5 6 7 8 10 12 14 | 14.5
Fighting       | 1 2 3 |  3.0
Armour         | 1 3 |  3.2
Conjurations   | 2 3 4 5 7 8 |  8.4
Dodging        | 3 |  3.0
Stealth        | 3 |  3.0
Evocations     | 1 |  1.0
Ice Magic      | 1 2 3 4 6 7 |  7.8
Air Magic      | 1 |  1.2
Alchemy        | 1 |  1.0
Earth Magic    | 1 |  1.1
Shields        | 1 3 |  3.8
Fire Magic     | 1 |  1.0
Summonings     | |  1.1
Translocations | |  1.1

Action                     |  1- 3 |  4- 6 |  7- 9 | 10-12 || total
---------------------------+-------+-------+-------+-------++-------
  Melee: Dagger            |    20 |       |    71 |    29 ||   120
         Quarterstaff      |       |    58 |   194 |       ||   252
         Staff             |       |    13 |       |       ||    13
         Whip              |       |       |       |    27 ||    27
   Cast: Magic Dart        |    99 |   168 |   190 |     6 ||   463
         Mephitic Cloud    |       |     7 |    18 |     9 ||    34
         Call Imp          |       |       |     6 |       ||     6
         Hailstorm         |       |       |    24 |    15 ||    39
         Blink             |       |       |     3 |       ||     3
         Stone Arrow       |       |       |    17 |    21 ||    38
         Freezing Cloud    |       |       |       |     8 ||     8
  Evoke: Wand              |       |       |     1 |       ||     1
   Stab: Confused          |       |     4 |     8 |     8 ||    20
         Sleeping          |       |       |     3 |       ||     3
 Armour: Robe              |     8 |    42 |   145 |       ||   195
         Troll leather arm |       |       |    31 |       ||    31
         Steam dragon scal |       |       |       |    34 ||    34
  Dodge: Dodged            |    25 |    61 |   171 |    46 ||   303

Table legend: (Time is in decaauts)
 A = Elapsed time spent in this place.
 B = Non-inter-level travel time spent in this place.
 C = Inter-level travel time spent in this place.
 D = Time resting spent in this place.
 E = Time spent auto-exploring this place.
 F = Levels seen in this place.
 G = Mean time per level.
                   A        B        C        D        E       F      G
               +--------+--------+--------+--------+--------+-----+--------+
         Total |  12540 |  11968 |    572 |    175 |   9726 |  14 |  895.7 |
       Dungeon |  10333 |   9767 |    566 |      0 |   8234 |  11 |  939.4 |
        Temple |     14 |      8 |      6 |      0 |      0 |   1 |   14.0 |
         Sewer |   1091 |   1091 |      0 |      0 |    882 |   1 | 1091.0 |
       Ossuary |   1100 |   1100 |      0 |    175 |    609 |   1 | 1100.0 |
               +--------+--------+--------+--------+--------+-----+--------+

Top non-repeatable levels by time:
     D:2: 1243 daAuts
     D:3: 1207 daAuts
     D:7: 1162 daAuts
     D:1: 1131 daAuts
     D:6: 1104 daAuts
 Ossuary: 1100 daAuts
   Sewer: 1091 daAuts
     D:4: 1061 daAuts
     D:8: 1041 daAuts
     D:5: 990 daAuts
    D:10: 699 daAuts
     D:9: 601 daAuts
    D:11: 88 daAuts
  Temple: 14 daAuts
